Map: Rhoskallian LE

Players

Massa

  • Race: Terran Terran
  • League: Gold
  • Spawn Location: 5:00

qqq

  • Race: Zerg Zerg
  • League: Platinum
  • Spawn Location: 6:00

Roller - Winner!

  • Race: Protoss Protoss
  • Spawn Location: 11:00

Valgard - Winner!

  • Race: Protoss Protoss
  • League: Diamond
  • Spawn Location: 12:00

VOD

Have the link to the VOD?

Description

Time

  • Played on: July 31, 2020, 6:38 a.m.
  • Length: 17:44
Show
View Real Time Build Order
Export as new Build Order

Massa Terran 

Build Orders:  

Get SALT Encoding   

  12  0:01  SCV  
  13  0:13  SCV  
  14  0:23  Supply Depot  
  14  0:25  SCV  
  15  0:31  Refinery  
  15  0:45  SCV  
  15  0:47  Barracks  
  17  0:57  SCV  
  17  1:09  SCV  
  18  1:21  SCV  
  18  1:23  Supply Depot  
  19  1:33  SCV  
  19  1:39  Barracks, Marine  
  21  1:47  Factory  
  21  1:55  Supply Depot  
  21  1:57  Marine  
  21  1:59  SCV  
  23  2:15  Marine  
  24  2:19  Barracks  
  24  2:24  Orbital Command  
  24  2:41  Supply Depot  
  24  2:45  Marine  
  24  2:48  Barracks Tech Lab  
  24  2:49  Factory Tech Lab  
  25  3:11  Marine x2  
  25  3:12  Marine  
  28  3:13  Starport  
  28  3:15  Siege Tank  
  31  3:29  Marine x2  
  31  3:31  Marauder  
  31  3:33  Supply Depot  
  35  3:47  Marine x2  
  37  3:52  Marauder  
  39  4:00  Refinery  
  39  4:05  Marine x2  
  41  4:13  Marauder  
  43  4:21  Command Center  
  43  4:22  Marine  
  44  4:26  Marine  
  45  4:35  Marauder  
  44  5:09  Marauder, Marine x2  
  44  5:11  SCV  
  46  5:23  SCV  
  46  5:26  Marine  
  46  5:27  Stimpack  
  48  5:30  Marauder  
  50  5:35  SCV  
  51  5:47  SCV  
  51  5:52  Marauder  
  51  6:00  SCV  
  51  6:02  Marine x2  
  49  6:05  Medivac  
  49  6:08  Siege Tank  
  51  6:13  Marauder  
  51  6:20  Marine x2  
  49  6:34  Marauder  
  49  6:37  Marine  
  47  6:41  Barracks Tech Lab  
  47  6:44  Siege Tank  
  47  6:55  Marine  
  47  6:56  Marauder  
  46  7:06  Marauder  
  46  7:13  Marine  
  44  7:17  Marauder  
  44  7:20  SCV x2  
  48  7:28  Marauder, Siege Tank  
  53  7:31  Marine  
  53  7:32  SCV  
  56  7:39  Orbital Command, Marauder  
  57  7:44  SCV  
  57  7:46  Medivac  
  57  7:49  Marauder, Marine  
  57  7:50  Engineering Bay  
  63  7:53  Barracks  
  63  7:56  SCV  
  63  7:57  Refinery  
  64  8:00  Marauder, Concussive Shells  
  66  8:06  Marine  
  66  8:09  SCV  
  66  8:11  Marauder  
  70  8:23  SCV  
  70  8:26  Marauder  
  70  8:31  Marine  
  70  8:34  Marauder  
  70  8:36  SCV  
  70  8:41  Supply Depot x2  
  68  8:47  Marauder, Supply Depot x2  
  64  8:49  Marine  
  61  8:55  Marauder  
  60  9:06  Marine  
  60  9:08  Marauder  
  60  9:17  Marauder  
  60  9:20  Siege Tank  
  56  9:24  Marine  
  56  9:30  Marauder, Combat Shield  
  57  9:38  Marine  
  58  9:39  SCV x2  
  58  9:42  Marine  
  61  9:51  SCV, Marauder  
  61  9:52  Siege Tank  
  59  9:56  Marauder  
  59  9:57  Barracks Tech Lab  
  59  10:00  Marine  
  59  10:05  Medivac  
  62  10:13  Marauder  
  64  10:17  Marine, Command Center  
  64  10:18  Marine  
  66  10:24  Widow Mine  
  68  10:33  SCV x2  
  68  10:34  Refinery, Marauder  
  68  10:35  Marauder, Marine, Medivac  
  77  10:45  SCV x2  
  77  10:46  Widow Mine, Marauder  
  83  10:53  Marine  
  83  10:54  Terran Infantry Weapons Level 1  
  83  10:55  Marauder  
  83  10:56  Marine  
  88  10:57  SCV  
  88  10:58  Engineering Bay  
  88  11:04  SCV  
  88  11:07  Marauder  
  88  11:09  SCV  
  92  11:11  Marine  
  92  11:14  Marauder  
  92  11:16  SCV, Marine, Medivac  
  99  11:21  SCV  
  99  11:22  Command Center  
  100  11:28  Marauder  
  100  11:29  SCV, Marine  
  104  11:33  SCV  
  104  11:34  Marauder  
  104  11:35  Marine  
  108  11:40  Terran Infantry Armor Level 1  
  108  11:41  SCV  
  108  11:43  Armory  
  108  11:45  SCV  
  108  11:46  Medivac  
  112  11:47  Marine  
  112  11:50  Marauder  
  112  11:53  SCV, Marine  
  117  12:04  Supply Depot  
  117  12:06  Supply Depot  
  117  12:09  Supply Depot  
  117  12:25  Marine  
  117  12:26  Widow Mine, SCV, Marauder x2  
  117  12:27  SCV, Marine  
  127  12:38  SCV  
  127  12:39  SCV  
  127  12:44  Marauder  
  131  12:45  Marine  
  131  12:47  Marauder  
  115  13:13  Marauder x3, Marine  
  120  13:21  Medivac  
  120  13:25  Orbital Command  
  122  13:31  Marine  
  125  13:34  Marauder x3  
  125  13:37  Refinery  
  125  13:39  Refinery  
  129  13:44  Command Center  
  129  13:45  Missile Turret  
  129  13:46  Supply Depot  
  129  13:49  Marine  
  129  13:50  Supply Depot x2  
  129  13:51  Medivac  
  134  13:55  Marauder  
  134  13:56  Marauder x2  
  138  14:03  Command Center  
  138  14:06  Missile Turret  
  138  14:07  Marine  
  138  14:08  SCV x3  
  142  14:17  Marauder x2, Marine  
  118  14:19  Barracks  
  118  14:20  SCV  
  104  14:25  Marine  
  104  14:30  Thor  
  105  14:38  Marauder, Marine  
  106  14:42  Marine  
  94  14:56  Marauder  
  98  15:00  Marine  
  94  15:13  Thor  
  94  15:17  Barracks  
  94  15:18  Marauder  
  84  15:21  Factory  
  84  15:23  Factory  
  84  15:28  Factory  
  76  15:29  Barracks  
  72  15:37  Orbital Command  
  72  15:38  Orbital Command  
  72  15:40  Orbital Command  
  69  16:00  Barracks  
  69  16:01  Barracks x2  
  69  16:02  Barracks, Marine  
  69  16:04  Barracks  
  61  16:06  Barracks  
  61  16:10  Factory Tech Lab  
  44  16:11  Factory Tech Lab  
  44  16:16  SCV  
  40  16:19  SCV  
  40  16:20  SCV x3  
  39  16:28  SCV  
  39  16:29  Barracks  
  39  16:31  SCV  
  39  16:32  SCV x3  
  32  16:41  SCV  
  32  16:43  SCV  
  27  16:55  Barracks  
  27  16:56  Barracks  
  27  16:58  Barracks  
  27  16:59  Barracks x2  
  27  17:00  Barracks  
  26  17:09  Barracks  
  26  17:14  Barracks x3  
  26  17:20  SCV, Factory  
  24  17:25  Barracks  
  23  17:32  SCV  
Show
View Real Time Build Order
Export as new Build Order

qqq Zerg 

Build Orders: Hatch First 

Get SALT Encoding   

  12  0:01  Drone  
  13  0:09  Drone  
  14  0:37  Hatchery  
  13  0:55  Spawning Pool  
  13  0:56  Drone  
  13  1:04  Overlord  
  13  1:08  Drone  
  14  1:14  Extractor  
  14  1:15  Drone  
  14  1:22  Drone  
  15  1:29  Drone  
  16  1:39  Drone  
  17  1:42  Queen  
  19  1:52  Drone  
  19  1:53  Drone  
  21  2:00  Queen  
  23  2:05  Drone  
  24  2:11  Overlord  
  25  2:15  Drone  
  25  2:19  Drone  
  26  2:25  Drone  
  26  2:27  Drone  
  28  2:33  Drone  
  28  2:35  Drone  
  30  2:46  Drone  
  30  2:47  Metabolic Boost  
  30  2:49  Drone  
  32  2:53  Zergling x4  
  32  2:54  Zergling x2  
  32  2:55  Drone  
  36  2:59  Overlord  
  36  3:15  Overlord  
  36  3:19  Drone  
  37  3:20  Roach Warren, Zergling x6  
  37  3:23  Zergling x2  
  40  3:34  Zergling x6  
  42  3:35  Zergling x2  
  44  3:48  Overlord x2  
  44  3:54  Overlord  
  44  4:04  Lair  
  44  4:06  Roach x2  
  44  4:08  Hatchery  
  44  4:09  Zergling x2  
  48  4:14  Zergling x4  
  50  4:17  Drone  
  50  4:19  Zergling x2  
  50  4:20  Zergling x2  
  50  4:22  Zergling x2  
  45  4:54  Roach x4  
  45  4:55  Roach x4  
  60  5:06  Pneumatized Carapace  
  60  5:10  Drone x2  
  61  5:22  Roach x2  
  61  5:23  Drone x3  
  67  5:53  Roach x2  
  67  5:54  Drone, Roach  
  65  6:34  Roach x3  
  65  6:35  Roach x2  
  55  6:57  Roach x2  
  55  6:58  Zergling x6  
  55  6:59  Zergling x6  
  65  7:25  Drone x4  
  65  7:26  Roach  
  65  7:27  Overlord x3  
  65  7:28  Overlord  
  71  7:30  Hatchery  
  70  7:42  Hatchery  
  70  7:43  Overlord  
  69  7:45  Hatchery  
  69  7:46  Glial Reconstitution  
  68  7:53  Extractor  
  68  7:54  Hatchery  
  68  7:57  Hatchery  
  65  8:11  Roach  
  65  8:12  Roach x2  
  71  8:13  Zergling x10  
  71  8:14  Zergling x2  
  76  8:21  Extractor  
  54  8:38  Roach  
  54  8:39  Roach x3  
  54  8:40  Zergling x2, Roach  
  60  9:00  Roach x2  
  60  9:01  Drone x4  
  60  9:02  Drone, Zergling x6  
  69  9:16  Roach  
  68  9:17  Zergling x14  
  68  9:18  Zergling x2  
  73  9:29  Roach x2  
  73  9:30  Zergling x14  
  73  9:31  Zergling x10  
  87  9:41  Drone x2  
  87  9:42  Drone x6  
  87  9:43  Roach  
  84  9:55  Drone x2  
  84  9:56  Zergling x10  
  91  10:00  Extractor  
  91  10:03  Drone  
  91  10:04  Drone x6  
  91  10:05  Roach x2  
  101  10:15  Evolution Chamber  
  101  10:19  Drone x5, Infestation Pit  
  101  10:20  Drone x3, Evolution Chamber  
  101  10:21  Roach x2  
  110  10:31  Lair  
  110  10:32  Overseer  
  110  10:38  Roach  
  110  10:39  Drone  
  110  10:40  Drone x5, Nydus Network  
  110  10:41  Drone x2, Zergling x2  
  110  10:42  Zergling x8  
  124  11:08  Roach x3  
  124  11:09  Drone x2  
  124  11:10  Zergling x8  
  136  11:15  Overlord x6  
  136  11:36  Roach x2  
  136  11:37  Drone x3  
  136  11:38  Zergling x8, Overlord x2  
  136  11:39  Zergling x8  
  151  11:40  Drone x4, Zergling x4  
  151  11:41  Zergling x4  
  151  11:43  Extractor  
  151  11:45  Extractor  
  157  11:48  Extractor  
  156  11:55  Roach x2  
  156  11:56  Drone x2  
  156  11:57  Drone, Zergling x6  
  156  11:58  Drone  
  156  12:01  Hive  
  167  12:02  Zerg Melee Weapons Level 1  
  167  12:03  Zerg Ground Armor Level 1  
  167  12:23  Nydus Canal  
  167  12:36  Roach x2  
  167  12:37  Roach  
  173  12:51  Roach  
  166  12:52  Drone x2  
  166  12:53  Drone x2, Zergling x4  
  166  12:54  Zergling x14  
  166  12:55  Zergling x10  
  164  13:03  Roach  
  150  13:06  Drone x3  
  150  13:07  Zergling x14  
  143  13:18  Roach  
  124  13:20  Roach x4  
  124  13:21  Roach x3  
  133  13:30  Hatchery  
  133  13:32  Hatchery  
  133  13:33  Drone  
  133  13:34  Drone, Ultralisk Cavern  
  133  13:35  Zergling x6  
  133  13:36  Zergling x4  
  137  13:43  Infestor x2  
  141  13:49  Neural Parasite  
  141  14:03  Drone x3  
  141  14:04  Drone x5  
  141  14:05  Drone x6  
  141  14:06  Drone x4  
  141  14:08  Roach x3  
  165  14:16  Extractor  
  139  14:35  Ultralisk x2  
  139  14:37  Zergling x4  
  139  14:38  Zergling x14  
  158  14:39  Zergling x6  
  158  14:42  Extractor  
  162  14:51  Ultralisk x2  
  162  14:52  Zergling x4  
  174  14:53  Zergling x18  
  174  14:54  Zergling x2  
  176  15:05  Ultralisk  
  165  15:15  Ultralisk  
  159  15:22  Anabolic Synthesis  
  159  15:24  Zergling x14  
  159  15:25  Zergling x12  
  159  15:26  Zergling x8  
  159  15:28  Zerg Melee Weapons Level 2  
  174  15:34  Zergling x12  
  180  15:38  Zergling x2  
  180  15:39  Zergling x8  
  180  15:40  Zergling x2  
  174  15:47  Spine Crawler  
  174  15:48  Spine Crawler  
  154  15:50  Spine Crawler  
  154  15:51  Spine Crawler x2  
  154  15:52  Spine Crawler  
  154  15:54  Spine Crawler x2  
  139  16:03  Ultralisk x2  
  139  16:04  Zergling x14  
  149  16:05  Zergling x2  
  149  16:06  Zergling x6, Ultralisk  
  139  16:22  Ultralisk  
  139  16:24  Chitinous Plating  
  134  16:27  Zergling x4  
  134  16:28  Zergling x16  
  134  16:29  Zergling x8  
  134  16:30  Zergling x2  
  138  16:41  Zergling x2, Ultralisk  
  139  16:53  Ultralisk  
  132  16:58  Extractor  
  132  16:59  Extractor  
  112  17:03  Extractor  
  112  17:04  Extractor  
  112  17:06  Extractor  
  84  17:15  Zergling x2  
  84  17:16  Zergling x10  
  84  17:17  Zergling x12  
Show
View Real Time Build Order
Export as new Build Order

Roller Protoss - Winner!

Build Orders: 1 Gate Expand 

Get SALT Encoding   

  12  0:00  Probe  
  13  0:12  Probe  
  14  0:26  Probe  
  15  0:29  Pylon  
  15  0:48  Probe  
  16  0:53  Gateway  
  16  1:00  Probe  
  17  1:04  Assimilator  
  17  1:12  Probe  
  18  1:24  Probe  
  19  1:34  Nexus  
  19  1:36  Probe  
  20  1:45  Cybernetics Core  
  20  1:57  Pylon  
  20  1:58  Probe  
  21  2:09  Assimilator  
  21  2:10  Probe  
  22  2:22  Probe, Gateway  
  23  2:27  Adept (Chrono Boost)  
  25  2:34  Probe  
  26  2:46  Shield Battery  
  26  2:49  Probe x2  
  28  3:00  Stalker (Chrono Boost)  
  28  3:01  Probe  
  28  3:02  Probe  
  34  3:13  Probe  
  34  3:14  Probe  
  34  3:17  Sentry (Chrono Boost)  
  36  3:24  Stalker (Chrono Boost)  
  36  3:26  Probe x2  
  40  3:31  Robotics Facility  
  40  3:38  Probe x2  
  42  3:50  Probe x2  
  42  3:55  Pylon  
  44  3:59  Pylon  
  44  4:02  Probe x2  
  46  4:08  Pylon  
  46  4:13  Stalker x2  
  46  4:14  Probe x2  
  52  4:26  Probe  
  53  4:32  Robotics Bay  
  53  4:33  Probe  
  52  5:09  Gateway  
  52  5:13  Gateway  
  50  5:15  Immortal (Chrono Boost)  
  46  5:30  Pylon  
  46  5:47  Probe  
  46  5:48  Probe  
  46  5:49  Gateway  
  52  6:11  Zealot  
  54  6:32  Zealot  
  52  6:38  Zealot  
  54  6:42  Pylon  
  54  6:44  Gateway  
  54  6:46  Gateway  
  54  6:47  Immortal  
  54  6:49  Gateway  
  54  6:51  Gateway, Pylon  
  54  6:56  Cybernetics Core  
  54  7:09  Zealot x3  
  54  7:10  Assimilator  
  54  7:13  Forge  
  54  7:14  Assimilator  
  60  7:16  Pylon  
  60  7:21  Pylon  
  60  7:27  Gateway, Extended Thermal Lance  
  60  7:31  Colossus (Chrono Boost)  
  60  7:35  Shield Battery  
  60  7:36  Probe x2, Zealot  
  70  7:39  Zealot  
  72  7:46  Stalker  
  72  7:48  Probe x2  
  76  7:54  Pylon, Warp Gate  
  76  7:57  Pylon  
  76  8:00  Probe  
  76  8:01  Probe  
  76  8:04  Pylon  
  78  8:12  Stalker x3  
  86  8:13  Sentry  
  86  8:15  Probe x2, Stalker x2  
  86  8:16  Stalker  
  86  8:17  Protoss Ground Weapons Level 1  
  86  8:19  Colossus (Chrono Boost)  
  84  8:27  Probe x2  
  79  8:39  Probe  
  80  8:46  Zealot, Stalker  
  80  8:47  Stalker  
  84  8:58  Stalker x4  
  88  9:17  Stalker x3  
  88  9:28  Stalker  
  88  9:29  Colossus  
  88  9:30  Stalker  
  88  9:31  Stalker x2  
  100  9:44  Pylon  
  98  9:47  Pylon  
  96  10:08  Stalker x4  
  96  10:09  Stalker x2  
  96  10:13  Nexus  
  108  10:14  Pylon  
  108  10:15  Probe x2  
  108  10:17  Pylon  
  110  10:22  Colossus  
  110  10:27  Probe x2  
  118  10:42  Probe x2  
  119  10:54  Probe x2  
  119  10:55  Stalker  
  119  10:56  Stalker x4  
  131  10:57  Stalker  
  133  11:05  Pylon  
  133  11:06  Probe  
  133  11:08  Pylon, Protoss Ground Armor Level 1  
  134  11:13  Twilight Council  
  134  11:17  Pylon  
  134  11:20  Pylon  
  134  11:23  Probe x2  
  136  11:27  Probe  
  137  11:35  Probe x2  
  139  11:42  Nexus  
  139  11:47  Probe  
  139  11:49  Pylon  
  140  12:04  Forge  
  140  12:07  Stalker x3  
  140  12:08  Stalker x2  
  150  12:12  Sentry x2  
  150  12:15  Probe x3  
  157  12:22  Assimilator  
  157  12:26  Assimilator  
  157  12:27  Probe x3  
  157  12:28  Colossus (Chrono Boost)  
  166  12:39  Probe x3  
  166  12:41  Photon Cannon  
  161  13:09  Stalker x3  
  161  13:10  Stalker x4  
  171  13:27  Colossus  
  171  13:29  Protoss Ground Weapons Level 2  
  171  13:31  Blink  
  171  13:32  Protoss Ground Armor Level 2  
  177  13:34  Probe x3  
  177  13:41  Assimilator  
  180  13:44  Assimilator  
  180  13:46  Probe x2  
  182  13:56  Stalker x4  
  182  13:57  Stalker x3  
  180  14:39  Stalker x2  
  180  14:40  Stalker x4  
  180  14:41  Stalker  
  190  14:46  Colossus  
  184  15:07  Photon Cannon  
  184  15:08  Photon Cannon  
  159  15:47  Stalker x3  
  159  15:48  Stalker x4  
  173  16:10  Zealot  
  173  16:11  Zealot x5  
  179  16:12  Zealot  
  177  16:22  Probe x2  
  162  16:28  Probe  
  159  16:33  Stalker x2  
  159  16:34  Stalker x4  
  171  16:40  Probe  
  170  16:52  Probe  
  151  17:23  Stalker  
  151  17:24  Stalker x5  
  151  17:25  Stalker  
Show
View Real Time Build Order
Export as new Build Order

Valgard Protoss - Winner!

Build Orders: Blink Stalkers 

Get SALT Encoding   

  12  0:02  Probe  
  13  0:14  Probe  
  14  0:23  Pylon  
  14  0:26  Probe  
  15  0:41  Probe (Chrono Boost)  
  16  0:47  Gateway  
  16  0:49  Pylon  
  16  0:53  Probe (Chrono Boost)  
  17  1:03  Probe (Chrono Boost)  
  18  1:11  Assimilator  
  18  1:12  Assimilator  
  18  1:13  Probe (Chrono Boost)  
  19  1:22  Probe (Chrono Boost)  
  20  1:27  Probe (Chrono Boost)  
  21  1:37  Cybernetics Core  
  21  1:39  Probe  
  22  1:52  Pylon  
  22  2:03  Probe  
  23  2:14  Twilight Council  
  23  2:15  Probe, Stalker  
  24  2:22  Warp Gate  
  26  2:42  Nexus  
  26  2:45  Pylon  
  26  2:49  Blink (Chrono Boost)  
  26  3:00  Gateway  
  26  3:02  Stalker (Chrono Boost)  
  28  3:13  Shield Battery  
  28  3:24  Stalker  
  30  3:31  Probe  
  30  3:33  Pylon  
  31  3:44  Robotics Facility  
  31  3:55  Gateway  
  31  3:59  Probe (Chrono Boost)  
  33  4:04  Probe (Chrono Boost)  
  34  4:10  Probe (Chrono Boost)  
  34  4:14  Probe x2 (Chrono Boost)  
  36  4:25  Probe x2  
  36  4:27  Stalker  
  36  4:28  Stalker  
  42  4:33  Observer  
  43  5:00  Stalker  
  43  5:01  Stalker x2  
  47  5:18  Gateway  
  47  5:21  Gateway  
  47  5:23  Gateway  
  47  5:24  Gateway  
  47  5:36  Stalker x2  
  47  5:37  Stalker  
  53  5:45  Pylon, Shield Battery  
  53  5:47  Shield Battery  
  41  6:07  Stalker x3  
  41  6:20  Stalker x3  
  41  6:21  Stalker  
  43  6:32  Stalker x3  
  38  6:44  Stalker  
  36  6:53  Stalker  
  38  6:55  Probe x2  
  34  7:18  Stalker x3  
  40  7:27  Probe (Chrono Boost)  
  40  7:29  Probe (Chrono Boost)  
  42  7:32  Stalker  
  44  7:39  Probe (Chrono Boost)  
  46  7:44  Probe (Chrono Boost)  
  46  7:47  Shield Battery  
  46  7:48  Observer  
  47  7:59  Stalker x2  
  51  8:08  Stalker  
  53  8:21  Assimilator  
  49  8:40  Stalker x4  
  47  8:54  Stalker  
  33  9:06  Stalker  
  31  9:13  Stalker  
  32  9:18  Stalker  
  34  9:33  Stalker  
  36  9:43  Probe x2  
  36  9:55  Probe x2  
  36  9:58  Charge (Chrono Boost)  
  38  10:07  Probe (Chrono Boost)  
  38  10:12  Pylon  
  38  10:13  Probe (Chrono Boost)  
  40  10:16  Gateway  
  40  10:17  Probe (Chrono Boost)  
  41  10:21  Observer  
  42  10:40  Forge  
  42  10:41  Pylon  
  42  10:45  Stalker x3  
  48  10:50  Probe (Chrono Boost)  
  48  10:51  Probe (Chrono Boost)  
  50  11:00  Observer  
  50  11:02  Probe x2 (Chrono Boost)  
  53  11:07  Probe (Chrono Boost), Protoss Ground Weapons Level 1 (Chrono Boost)  
  53  11:08  Probe (Chrono Boost)  
  55  11:16  Stalker x2  
  59  11:23  Probe  
  59  11:24  Probe, Assimilator  
  61  11:35  Probe  
  62  11:40  Zealot x3  
  62  11:46  Zealot  
  70  11:59  Zealot x3  
  70  12:00  Zealot  
  78  12:10  Zealot x2  
  78  12:11  Zealot  
  84  12:20  Zealot  
  86  12:26  Pylon  
  86  12:28  Pylon  
  86  12:30  Pylon  
  78  12:55  Zealot x6  
  78  12:56  Zealot  
  86  13:08  Zealot  
  82  13:16  Zealot  
  82  13:17  Zealot x3  
  86  13:40  Pylon  
  86  13:50  Templar Archives  
  84  14:14  Zealot  
  84  14:15  Zealot x6  
  80  14:37  Gateway  
  80  14:42  High Templar x3  
  80  14:43  High Templar x3  
  90  14:48  Archon x3  
  90  14:53  Zealot  
  89  15:15  Zealot x4  
  89  15:16  Zealot x3  
  99  15:39  Observer  
  99  15:50  High Templar  
  99  15:51  High Templar x4  
  99  15:56  Archon  
  109  15:57  Archon  
  109  16:02  Pylon  
  109  16:04  Pylon  
  109  16:18  Pylon  
  109  16:20  Pylon  
  109  16:22  Zealot x2  
  109  16:23  Zealot x3  
  109  16:24  Zealot x2  
  123  16:43  High Templar  
  123  16:44  High Templar x5  
  135  16:57  Archon  
  135  16:58  Archon x2  
  135  17:01  Observer  
  135  17:06  Zealot  
  138  17:31  Zealot x2  
Tags
 
Add a new tag
Caveats
  • Supply blocks, unpowered buildings, or Contaminate may cause inaccurate times.
  • Supply counts are checked every 10 seconds.